 Dungeon Crawl Stone Soup version 0.29.1-15-g9cfb28693d (webtiles) character file.

Game seed: 277630189718729679

138 protoss039 the Digger (level 5, 39/39 HPs)
             Began as a Demonspawn Earth Elementalist on Mar 12, 2023.
             Got out of the dungeon alive.
             The game lasted 00:02:49 (3540 turns).

protoss039 the Digger (DsEE)                        Turns: 3540, Time: 00:02:50

Health: 39/39      AC:  4    Str:  8    XL:     5   Next: 1%
Magic:  9/9        EV: 11    Int: 18    God:
Gold:   191        SH:  3    Dex: 14    Spells: 7/10 levels left

rFire   . . .      SeeInvis +   k - +0 short sword
rCold   . . .      Faith    .   u - +0 buckler
rNeg    . . .      Spirit   .   r - +0 leather armour
rPois   .          Reflect  .   (no helmet)
rElec   .          Harm     .   (no cloak)
rCorr   .          Rampage  .   q - +0 pair of gloves
Will    .....                   (no boots)
Stlth   ++........              m - amulet of the acrobat
HPRegen 0.13/turn               p - ring of see invisible
MPRegen 0.11/turn               (no ring)

@: no status effects
A: hooves 2, powered by pain 1, demonic magic 1
a: no special abilities


You escaped.
You visited 1 branch of the dungeon, and saw 3 of its levels.

You collected 191 gold pieces.

Inventory:

Hand Weapons
 k - a +0 short sword (weapon)
Armour
 q - a +0 pair of gloves (worn)
 r - a +0 leather armour (worn)
 u - a +0 buckler (worn)
Jewellery
 m - an amulet of the acrobat (around neck)
 p - a ring of see invisible (left hand)
Wands
 s - a wand of flame (22)
Scrolls
 a - a scroll of immolation {unknown}
 c - 3 scrolls of identify {unknown}
 f - 4 scrolls of teleportation
 g - 2 scrolls of vulnerability {unknown}
 i - 2 scrolls of amnesia {unknown}
 n - a scroll of torment {unknown}
 o - a scroll of poison {unknown}
 w - a scroll of enchant armour {unknown}
Potions
 b - 2 potions of magic
 d - a potion of berserk rage {unknown}
 e - 4 potions of heal wounds {unknown}
 h - 2 potions of degeneration {unknown}
 j - 2 potions of flight {unknown}
 l - 2 potions of cancellation {unknown}
 t - a potion of invisibility {unknown}
 v - a potion of ambrosia {unknown}


   Skills:
 + Level 2.5 Fighting
 - Level 1.7 Dodging
 - Level 1.7 Stealth
 + Level 3.2 Spellcasting
 - Level 0.8 Transmutations
 + Level 3.7 Earth Magic


You had 7 spell levels left.
You knew the following spells:

 Your Spells              Type           Power      Damage    Failure   Level
a - Sandblast             Erth           32%        2d9       7%          1
b - Passwall              Tmut/Erth      9%         N/A       19%         2

Your spell library contained the following spells:

 Spells                   Type           Power      Damage    Failure   Level
 Stone Arrow              Conj/Erth      18%        3d8       41%         3
 Static Discharge         Conj/Air       2%         3-4/arc   43%         2
 Petrify                  Tmut/Erth      11%        N/A       77%         4
 Dispel Undead            Necr           2%         3d7       97%         4
 Sticky Flame             Conj/Fire      2%         2d3       97%         4


Dungeon Overview and Level Annotations

Branches:
Dungeon (3/15) Zot: 14421

Altars:


Innate Abilities, Weirdness & Mutations

You have hoof-like feet.
You sometimes gain a little power by taking damage.
Spells you cast may paralyse adjacent enemies.


Message History

An adder is nearby!
An adder is nearby!
An adder is nearby!
Casting: Sandblast (safe; 7% risk of failure)
Confirm with . or Enter, or press ? or * to list all spells.
Aiming: Sandblast (safe; 7% risk of failure)
Press: ? - help, Shift-Dir - straight line, f - adder
Aim: an adder (asleep, 100% to hit)
The blast of sand hits the adder!
The adder is almost dead.
The adder hisses angrily.
Unknown command.
Casting: Sandblast (safe; 7% risk of failure)
Confirm with . or Enter, or press ? or * to list all spells.
Aiming: Sandblast (safe; 7% risk of failure)
Press: ? - help, Shift-Dir - straight line, f/p - adder
Aim: an adder (almost dead, 70% to hit)
The blast of sand hits the adder!
You kill the adder!
You have reached level 5!
Your demonic ancestry asserts itself...
A menacing aura infuses your magic.
Found a robe.
Found a stone staircase leading up.
(D) Dungeon
Where to? (Enter - D:2 @ (x,y), ? - help)
What level of the Dungeon? (default 1, ? - help)
Found a spear.
There is a stone staircase leading up here.
You climb upwards.
There is a stone staircase leading down here.
You see here a +0 whip.
You see here a +0 trident.
There is a stone staircase leading down here.
There is a stone staircase leading up here.
You climb upwards.
There is a stone staircase leading down here.
There is a staircase leading out of the dungeon here.
Are you sure you want to leave the Dungeon?
This will make you lose the game!
You have escaped!

##### ###### ##...#
#....# #..#'###
###'##.#
#.##.#.#♣♣♣♣♣#.#.##.#
#.##.............##.#
#.##..♣..♣.♣..♣..##.#
#.##~#♣♣..~..♣♣#~##.#
#.##≈#P♣.~~~.♣P#≈##.###
#.##≈#@..~8~..>#≈#.....
#.##≈#P♣.≈~≈.♣P#≈######
#.##~#♣♣..~..♣♣#~# #...
#.##..♣..♣.♣..♣..# #.##
#.##.............# #.##
#.##.#.#♣♣♣♣♣#.#.# #.##
#.##'### ###'# #.##
##.##..########
#.###.##
#.............#
#.......


There were no monsters in sight!

Vanquished Creatures
  An orc priest (D:3)
  Jessica (D:2)
  2 adders
  A worm (D:3)
  3 orcs (D:3)
  5 endoplasms
  A giant cockroach (D:1)
  7 hobgoblins
  4 quokkas
  8 ball pythons
  6 bats
  4 frilled lizards
  3 goblins
  6 kobolds
  7 rats
59 creatures vanquished.

Notes
Turn   | Place    | Note
-------+----------+-------------------------------------------
     0 | D:1      | protoss039 the Demonspawn Earth Elementalist began the
                  | quest for the Orb.
     0 | D:1      | Reached XP level 1. HP: 13/13 MP: 3/3
   471 | D:1      | Gained mutation: You have large cloven feet. [demonic
                  | ancestry]
   471 | D:1      | Reached XP level 2. HP: 20/20 MP: 1/5
   621 | D:1      | Reached skill level 1 in Fighting
   731 | D:1      | Found a faded altar of an unknown god.
  1104 | D:1      | Learned a level 2 spell: Passwall
  1380 | D:2      | Gained mutation: You have hoof-like feet. [demonic
                  | ancestry]
  1380 | D:2      | Reached XP level 3. HP: 25/26 MP: 1/6
  1942 | D:2      | Noticed Jessica
  1946 | D:2      | Killed Jessica
  1947 | D:2      | Gained mutation: You sometimes gain a little power by
                  | taking damage. [demonic ancestry]
  1947 | D:2      | Reached XP level 4. HP: 17/33 MP: 2/8
  2954 | D:3      | Found the +7 staff of the Meek {protect, meekguard}
  3348 | D:3      | Gained mutation: Spells you cast may paralyse adjacent
                  | enemies. [demonic ancestry]
  3348 | D:3      | Reached XP level 5. HP: 39/39 MP: 6/9
  3540 | D:$      | Got out of the dungeon alive.

Illustrated notes

Levels and vault maps discovered:
D:1:      tarquinn_simple_flora_water_b, layout_loops_ring,
          shapermc_ecumenical_altar_notcrosses, chequers_serial_rivers_room_b
D:2:      layout_loops_corners, hex_tiny, uniq_jessica
D:3:      layout_basic, zin_treasury, minmay_door_square, pf_guarded_unrand_meek

Skill      XL: |  1  2  3  4 |
---------------+-------------+-----
Fighting       | 1 2 |  2.5
Earth Magic    | 3 |  3.7
Spellcasting   | 3 |  3.2
Dodging        | |  1.7
Stealth        | |  1.7
Transmutations | |  0.8

Action                   |  1- 3 |  4- 6 || total
-------------------------+-------+-------++-------
Melee: Short sword       |    30 |     1 ||    31
       Kick              |     3 |       ||     3
 Cast: Sandblast         |    38 |    34 ||    72
  Use: Scroll            |     1 |       ||     1
 Stab: Sleeping          |     1 |       ||     1
Armor: Robe              |     4 |       ||     4
       Leather armour    |     7 |       ||     7
Dodge: Dodged            |    44 |     8 ||    52
Block: Buckler           |     1 |     1 ||     2
